 Dungeon Sprint DCSS version 0.19.1 (webtiles) character file.

437 Kikal the Cleaver (level 7, -1/74 HPs)
             Began as a Hill Orc Monk on Dec 2, 2016.
             Was the Champion of Zin.
             Slain by Sonja
             ... wielding a +2 dagger of distortion
              (2 damage)
             ... in the Dungeon (Sprint I: "Red Sonja").
             The game lasted 00:03:33 (734 turns).

Kikal the Cleaver (Hill Orc Monk)                    Turns: 734, Time: 00:03:33

Health: -1/74      AC:  2    Str: 17    XL:     7   Next: 1%
Magic:  5/7        EV: 15    Int: 11    God:    Zin [******]
Gold:   268        SH:  0    Dex: 14    Spells: 0 memorised, 6 levels left

rFire  . . .     SeeInvis .     j - +0 war axe
rCold  . . .     Gourm    .     b - +0 robe
rNeg   . . .     Faith    .     (no shield)
rPois  ∞         Spirit   .     (no helmet)
rElec  .         Reflect  .     (no cloak)
rCorr  .         Harm     .     (no gloves)
MR     .....     NoTele   +     (no boots)
Stlth  ++........               (no amulet)
                                (no ring)
                                (no ring)

@: lethally poisoned (-1 -> -1), vitalised, slowed, very slow
A: no striking features
a: Recite, Vitalisation, Imprison, Sanctuary, Donate Gold, Cure All Mutations,
Renounce Religion


You were in the Dungeon.
You worshipped Zin.
Zin was exalted by your worship.
You were not hungry.

You visited 1 branch You collected 297 gold pieces.
You donated 29 gold pieces to Zin.

Inventory:

Hand Weapons
 j - a +0 war axe (weapon)
Armour
 b - a +0 robe (worn)
Scrolls
 a - a scroll of remove curse {unknown}
 i - a scroll of blinking
 k - a scroll of identify {unknown}
Potions
 d - a potion of curing
 e - a potion of heal wounds
 f - a potion of haste
 g - 2 potions of magic
Comestibles
 c - a bread ration


   Skills:
 - Level 11.4 Fighting
 - Level 12.2 Axes
 - Level 5.8 Dodging
 - Level 1.5 Stealth
 + Level 0.0 Invocations


You had 6 spell levels left.
You didn't know any spells.

Dungeon Overview and Level Annotations

Branches:
Dungeon (1/1)

Altars:
Cheibriados
Dithmenos
Elyvilon
Fedhas
Gozag
Hepliaklqana
Kikubaaqudgha
Nemelex Xobeh
Okawaru
Qazlal
Ru
Sif Muna
Trog
Uskayaw
Vehumet
Yredelemnul
Zin
The Shining One

Shops:
D }

Annotations:
D Sonja


Message History

Its appearance distorts for a moment.
Sonja hits you with an uncursed dagger of distortion.
Space warps horribly around you!
Sonja hits you with an uncursed dagger of distortion.
Space warps horribly around you! Sonja misses you. x2
Sonja hits you with an uncursed dagger of distortion.
Space bends around you.
Sonja hits you with an uncursed dagger of distortion.
You feel a strange sense of stasis.
You take 38 damage, and have 30/74 hp.
MASSIVE DAMAGE!!
You now have 5/7 mp.
You closely miss Sonja.
Sonja hits you with an uncursed dagger of distortion.
Space warps horribly around you!
* * * LOW HITPOINT WARNING * * *
Sonja hits you with an uncursed dagger of distortion.
* * * LOW HITPOINT WARNING * * *
Space warps horribly around you! Zin protects you from harm!
Sonja hits you with an uncursed dagger of distortion.
You die...

################
#<.#..)..#.)'..#
#..'..#..'..#..+
#..#####'#####'#
#..####..#...#.# ##(§#
#..#__####..##)#≈≈§.c#
#..#_____##'#..+§≈§
#⌠⌠#_.∩...'..._#§≈§
####_..__##K@#'# +#
#_____###'#.# #######
#.### $.$ $.$ ##.##
#+#


You could see Sonja.

Vanquished Creatures
  Sigmund (D)
  A yak (D)
  An ogre (D)
  A jelly (D)
  Ijyb (D)
5 creatures vanquished.

Notes
Turn   | Place    | Note
-------+----------+-------------------------------------------
     0 | D        | Kikal the Hill Orc Monk began the quest for the Orb.
     0 | D        | Reached XP level 1. HP: 19/19 MP: 1/1
     2 | D        | Noticed Ijyb
    17 | D        | Killed Ijyb
    17 | D        | Reached skill level 6 in Axes
    17 | D        | Reached XP level 2. HP: 17/30 MP: 2/2
    17 | D        | Reached XP level 3. HP: 21/37 MP: 3/3
   148 | D        | Noticed an ogre
   151 | D        | Killed an ogre
   151 | D        | Reached skill level 8 in Axes
   151 | D        | Reached XP level 4. HP: 48/48 MP: 4/4
   297 | D        | Noticed Sigmund
   310 | D        | Killed Sigmund
   310 | D        | Reached skill level 10 in Axes
   310 | D        | Reached skill level 5 in Dodging
   310 | D        | Reached XP level 5. HP: 30/58 MP: 5/5
   310 | D        | Reached XP level 6. HP: 35/66 MP: 6/6
   469 | D        | Found a deep blue altar of Sif Muna.
   471 | D        | Found a radiant altar of Vehumet.
   476 | D        | Reached skill level 10 in Fighting
   503 | D        | Found Buses's Gadget Emporium.
   503 | D        | Found an ancient bone altar of Kikubaaqudgha.
   503 | D        | Found a hazy altar of Hepliaklqana.
   503 | D        | Found a stormy altar of Qazlal.
   503 | D        | Found a hide-covered altar of Uskayaw.
   503 | D        | Found a blossoming altar of Fedhas.
   503 | D        | Found a bloodstained altar of Trog.
   503 | D        | Found an iron altar of Okawaru.
   503 | D        | Found a basalt altar of Yredelemnul.
   503 | D        | Found a glowing golden altar of the Shining One.
   503 | D        | Found a snail-covered altar of Cheibriados.
   503 | D        | Found a sacrificial altar of Ru.
   503 | D        | Found a glowing silver altar of Zin.
   503 | D        | Found a shadowy altar of Dithmenos.
   503 | D        | Found a white marble altar of Elyvilon.
   503 | D        | Noticed a yak
   515 | D        | Killed a yak
   515 | D        | Reached skill level 12 in Axes
   515 | D        | Reached XP level 7. HP: 34/74 MP: 7/7
   516 | D        | Found an opulent altar of Gozag.
   695 | D        | Found a sparkling altar of Nemelex Xobeh.
   702 | D        | Became a worshipper of Zin the Law-Giver
   702 | D        | Reached * piety under Zin
   702 | D        | Reached ** piety under Zin
   702 | D        | Reached *** piety under Zin
   702 | D        | Reached **** piety under Zin
   702 | D        | Reached ***** piety under Zin
   702 | D        | Reached ****** piety under Zin
   721 | D        | Noticed a centaur warrior
   732 | D        | Noticed Sonja
   734 | D        | HP: 2/74 [Sonja/uncursed dagger of distortion (24)]
   734 | D        | Zin protects you from harm!
   734 | D        | Slain by Sonja

Skill      XL: |  1  2  3  4  5  6 |
---------------+-------------------+-----
Fighting       | 6 7 9 11 | 11.4
Axes           | 6 8 10 12 | 12.2
Dodging        | 4 5 |  5.8
Stealth        | |  1.5

Action                   |  1- 3 |  4- 6 |  7- 9 || total
-------------------------+-------+-------+-------++-------
Melee: Hand axe          |    15 |    11 |       ||    26
       War axe           |       |    15 |     1 ||    16
Invok: Vitalisation      |       |       |     1 ||     1
  Use: Potion            |     1 |       |       ||     1
 Stab: Sleeping          |     1 |       |       ||     1
Armor: Robe              |     3 |     1 |       ||     4
Dodge: Dodged            |     6 |    10 |     2 ||    18
